 Dungeon Crawl Stone Soup version 0.31-a0-744-gbc345e7fcb (webtiles) character file.

Game seed: 84528144524263601

7865 Dittersdorf the Protected (level 11, -13/72 HPs)
             Began as a Gargoyle Fighter on Sept 13, 2023.
             Was a Priest of Okawaru.
             Killed by the air
             ... invoked by Gastronok
              (17 damage)
             ... on level 1 of the Lair of Beasts.
             The game lasted 00:19:04 (8284 turns).

Dittersdorf the Protected (Gargoyle Fighter)        Turns: 8284, Time: 00:19:05

Health: -13/72     AC: 20    Str: 24    XL:     11   Next: 21%
Magic:  10/11      EV:  9    Int:  9    God:    Okawaru [***...]
Gold:   478        SH: 10    Dex:  9    Spells: 10/10 levels left

rFire   + . .        f - +3 flail (holy)
rCold   . . .        A - +0 kite shield
rNeg    + . .        w - +0 scale mail {rF+}
rPois   ∞            (no helmet)
rElec   +            (no cloak)
rCorr   .            (no gloves)
SInv    .            (no boots)
Will    .....        l - amulet of regeneration Stlth
                     a - +4 ring of protection
HPRegen 1.12/turn    p - ring of wizardry
MPRegen 0.12/turn

%: wizardry (x1)
@: slowed, very slow
A: sickness immunity, AC +8, negative energy resistance 1, electricity
resistance, torment resistance 1, petrification resistance
a: Renounce Religion, Heroism


You were on level 1 of the Lair of Beasts.
You worshipped Okawaru.
Okawaru was most pleased with you.
You visited 4 branches of the dungeon, and saw 13 of its levels.
You also visited: Sewer and Bailey.

You collected 912 gold pieces.
You spent 434 gold pieces at shops.

Inventory:

Hand Weapons
 f - a +3 flail of holy wrath (weapon)
 C - a +0 morningstar
Missiles
 c - a throwing net (quivered)
Armour
 w - a +0 scale mail of fire resistance (worn)
 A - a +0 kite shield (worn)
 B - a +0 plate armour
 H - +1 ice dragon scales
Jewellery
 a - a +4 ring of protection (left hand)
 l - an amulet of regeneration (around neck)
 p - a ring of wizardry (right hand)
Wands
 b - a wand of quicksilver (4)
 q - a wand of iceblast (5)
 r - a wand of paralysis (12)
 y - a wand of flame (26)
 F - a wand of digging (5)
Scrolls
 m - 2 scrolls of enchant armour
 v - 3 scrolls of teleportation
 D - a scroll of enchant weapon
 G - a scroll of fog
Potions
 d - 4 potions of might
 e - 3 potions of brilliance
 g - 3 potions of invisibility
 h - 2 potions of enlightenment
 i - a potion of mutation
 j - 5 potions of curing
 k - a potion of resistance
 n - 2 potions of berserk rage
 t - 5 potions of haste
 u - a potion of magic
 z - 4 potions of heal wounds
 J - a potion of cancellation {unknown}


   Skills:
 + Level 10.0 Fighting
 + Level 8.8 Maces & Flails
 + Level 10.0 Armour
 + Level 9.9 Shields


You had 10 spell levels left.
You didn't know any spells.
Your spell library contained the following spells:

 Spells                   Type           Power      Damage    Failure   Level
 Foxfire                  Conj/Fire      0%         2x1d4     50%         1
 Magic Dart               Conj           0%         1d3       50%         1
 Searing Ray              Conj           0%         2d4       63%         2
 Anguish                  Hex/Necr       0%         N/A       99%         4
 Cause Fear               Hex            0%         N/A       99%         4
 Fulminant Prism          Conj/Hex       0%         3d5       99%         4
 Passage of Golubria      Tloc           0%         N/A       99%         4
 Yara's Violent Unravell  Hex/Tmut       0%         3d3       100%        5
 Plasma Beam              Fire/Air       0%         2x1d10    100%        6
 Starburst                Conj/Fire      0%         6d3       100%        6
 Enfeeble                 Hex            0%         N/A       100%        7
 Tukima's Dance           Hex            Unusable   N/A       N/A         3

Dungeon Overview and Level Annotations

Branches:
Dungeon (10/15)            Temple (1/1) D:5            Lair (1/5) D:9
    Orc (1/2) D:9           Sewer (visited)          Bailey (visited)

Altars:
Ashenzari
Cheibriados
Dithmenos
Elyvilon
Fedhas
Gozag
Hepliaklqana
Kikubaaqudgha
Makhleb
Nemelex Xobeh
Okawaru
Qazlal
Ru
Sif Muna
Trog
Uskayaw
Vehumet
Wu Jian
Xom
Yredelemnul
Zin
The Shining One

Shops:
D:5 [   D:7 [

Annotations:
Lair:1 Gastronok


Innate Abilities, Weirdness & Mutations

You are immune to sickness and miasma.
Your stone body is resilient. (AC +8)
You are immune to poison.
You resist negative energy. (rN+)
You are resistant to electric shocks. (rElec)
You are resistant to unholy torment.
You are immune to petrification.


Message History

Gastronok is heavily wounded.
Gastronok bites you!
* * * LOW HITPOINT WARNING * * *
You sock Gastronok!
Gastronok is heavily wounded.
You gain the combat prowess of a mighty hero.
Gastronok waves his eye-stalks in wide circles.
The air twists around and strikes you!!
* * * LOW HITPOINT WARNING * * *
You thump Gastronok!
Gastronok is heavily wounded.
Gastronok's eyestalks quiver as he mumbles some strange words.
Gastronok puts on a burst of speed!
You hit Gastronok.
Gastronok is heavily wounded.
You hit Gastronok but do no damage.
Gastronok is heavily wounded.
Gastronok casts a spell.
You sock Gastronok!
Gastronok is severely wounded.
You block the bat's attack. You block Gastronok's attack.
You hit Gastronok.
Gastronok is severely wounded.
You block the bat's attack. x2
You hit Gastronok.
Gastronok is severely wounded.
You block the bat's attack. The bat hits you but does no damage.
Gastronok bites you!
* * * LOW HITPOINT WARNING * * *
You bludgeon Gastronok!!
Gastronok is almost dead.
You block the bat's attack.
You bludgeon Gastronok!!
Gastronok is almost dead.
You feel like a meek peon again. You block the bat's attack.
Gastronok waves his eye-stalks in wide circles.
The air twists around and strikes you!
You die...
Gastronok gurgles, "Let's see if you taste as good as that wizard did."

.......# .# .8.#.
........# . .....
........# . .....
#......# ###. ...##.
#......# #..# #..#...
#......# #.## ......# #
#......### #..##..:...#
###......#.###..@w##.
...............b.........
.#####.####......#####.##
## ### #......# #......#
#......# #......#
.......# ##......#


You could see Gastronok (swift) and a bat (summoned).

Vanquished Creatures
  A two-headed ogre (Bailey)
  Pikel (D:4)
  Joseph (D:8)
  A cane toad (Lair:1)
  Maggie (D:8)
  A komodo dragon (Lair:1)
  3 trolls
  Grinder (D:3)
  A polar bear (Lair:1)
  A wyvern (D:8)
  A spriggan (Bailey)
  A wraith (D:9)
  3 steam dragons
  3 wargs
  An acid dragon (D:10)
  2 water moccasins
  An ice beast (D:5)
  3 orc warriors (D:9)
  3 black bears
  3 ogres
  2 centaurs (D:9)
  A phantom (D:5)
  4 lemures
  Blork the orc (D:4)
  2 bullfrogs
  2 gnoll sergeants
  3 scorpions
  4 wights (D:8)
  9 killer bees
  2 howler monkeys
  A jelly (D:3)
  2 hounds
  4 orc priests
  A sleepcap (D:5)
  3 iguanas
  6 orc wizards
  8 gnolls
  10 adders
  4 river rats
  3 worms
  4 dart slugs
  38 orcs
  5 endoplasms
  2 giant cockroaches
  7 goblins
  7 hobgoblins
  4 kobolds
  3 quokkas
  16 ball pythons
  6 bats
  8 frilled lizards
  11 rats
216 creatures vanquished.

Vanquished Creatures (others)
  A hound (D:7)
  An orc wizard (D:9)
  2 orcs
4 creatures vanquished.

Grand Total: 220 creatures vanquished

Notes
Turn   | Place    | Note
-------+----------+-------------------------------------------
     0 | D:1      | Dittersdorf the Gargoyle Fighter began the quest for the
                  | Orb.
     0 | D:1      | Reached XP level 1. HP: 14/14 MP: 1/1
   203 | D:1      | Reached XP level 2. HP: 18/19 MP: 2/2
   601 | D:2      | Reached XP level 3. HP: 23/23 MP: 3/3
  1400 | D:3      | Reached XP level 4. HP: 27/29 MP: 4/4
  1501 | D:3      | Noticed Grinder
  1506 | D:3      | Paralysed by Grinder for 2 turns
  1521 | D:3      | Killed Grinder
  1522 | D:3      | Reached XP level 5. HP: 30/34 MP: 5/5
  1522 | D:3      | Reached XP level 6. HP: 34/39 MP: 6/6
  1540 | D:3      | Found a glowing drain.
  1579 | Sewer    | Entered a sewer
  2109 | D:3      | Found a faded altar of an unknown god.
  2301 | D:4      | Noticed Blork the orc
  2310 | D:3      | Reached skill level 5 in Fighting
  2310 | D:3      | Reached skill level 5 in Armour
  2310 | D:3      | Reached skill level 5 in Shields
  2337 | D:3      | Reached XP level 7. HP: 37/44 MP: 7/7
  2370 | D:4      | Killed Blork the orc
  2407 | D:4      | Identified a scroll of acquirement
  2407 | D:4      | Acquired 389 gold pieces
  2536 | D:4      | Noticed Pikel
  2543 | D:4      | Paralysed by Pikel for 3 turns
  2555 | D:4      | Paralysed by Pikel for 2 turns
  2565 | D:4      | Paralysed by Pikel for 3 turns
  2574 | D:4      | Killed Pikel
  2575 | D:4      | Reached skill level 5 in Maces & Flails
  2575 | D:4      | Reached XP level 8. HP: 20/51 MP: 8/8
  3207 | D:5      | Entered Level 5 of the Dungeon
  3399 | D:5      | Reached XP level 9. HP: 56/56 MP: 9/9
  3422 | D:5      | Found a staircase to the Ecumenical Temple.
  3429 | Temple   | Entered the Ecumenical Temple
  3444 | Temple   | Became a worshipper of Warmaster Okawaru
  3514 | D:5      | Found a glowing golden altar of the Shining One.
  3883 | D:5      | Found Kaximoi's Armour Boutique.
  3891 | D:5      | Bought a +0 scale mail of fire resistance for 121 gold
                  | pieces
  4717 | D:7      | Noticed an angel
  4717 | D:7      | Found a glowing silver altar of Zin.
  4717 | D:7      | Found a shimmering altar of Xom.
  5132 | D:7      | Found Qecenias's Antique Armour Boutique.
  5140 | D:7      | Bought a steaming helmet for 313 gold pieces
  5140 | D:7      | Identified the +1 helmet of Mothrem {Harm Will++ Str-5
                  | Dex+3} (You bought it in a shop on level 7 of the Dungeon)
  5172 | D:7      | Reached * piety under Okawaru
  5631 | D:8      | Noticed Maggie
  5660 | D:8      | Killed Maggie
  5660 | D:8      | Reached ** piety under Okawaru
  5661 | D:8      | Reached XP level 10. HP: 63/64 MP: 10/10
  6256 | D:8      | Noticed Joseph
  6295 | D:8      | Killed Joseph
  6541 | D:9      | Found a flagged portal.
  6625 | Bailey   | Entered a bailey
  6756 | Bailey   | Noticed a two-headed ogre
  6773 | Bailey   | Killed a two-headed ogre
  6806 | Bailey   | Reached *** piety under Okawaru
  6905 | D:9      | Found a staircase to the Orcish Mines.
  6946 | Orc:1    | Entered Level 1 of the Orcish Mines
  6946 | Orc:1    | Noticed an orc knight
  7238 | D:9      | Found a staircase to the Lair.
  7492 | D:10     | Entered Level 10 of the Dungeon
  7547 | D:9      | Reached XP level 11. HP: 71/71 MP: 11/11
  7794 | D:10     | Found a sacrificial altar of Ru.
  8127 | Lair:1   | Entered Level 1 of the Lair of Beasts
  8153 | Lair:1   | Reached skill level 10 in Armour
  8233 | Lair:1   | Reached **** piety under Okawaru
  8234 | Lair:1   | Reached skill level 10 in Fighting
  8249 | Lair:1   | Noticed Gastronok
  8282 | Lair:1   | HP: 2/72 [Gastronok (10)]
  8284 | Lair:1   | Killed from afar by Gastronok

Illustrated notes

Levels and vault maps discovered:
D:1:      onia_arrival_pyramid, layout_basic, eino_curves_01
D:2:      layout_loops_ring, item_on_display_a
D:3:      cheibrodos_old_hovel, layout_loops_ring, portal_sewer_entry_b,
          hellmonk_ecumenical_altar_blasted, uniq_grinder
D:4:      layout_loops_cross, hex_tiny, minmay_quantized, uniq_blork_the_orc,
          uniq_pikel
D:5:      layout_gridville, lemuel_coloured_pillars_altar, temple_green,
          serial_shops, nicolae_diamond_shop, minmay_hedge_maze
D:6:      layout_basic, serial_glass, glass_columns_c, glass_columns_b
D:7:      layout_basic, grunt_temple_overflow_order_and_chaos_1, serial_shops,
          shop
D:8:      layout_basic, uniq_joseph, uniq_maggie
D:9:      layout_rooms, erik_lair_orcish_takeover, david_orc_3, enter_bailey_5
D:10:     layout_rooms, nicolae_ru_awakened_eye
Temple:   eino_narrow_crystal_temple
Lair:1:   layout_chaotic_city, grunt_megastairs_2, uniq_amaemon, uniq_gastronok
Orc:1:    layout_caves, kennysheep_orc_chapel

Skill      XL: |  1  2  3  4  5  6  7  8  9 10 11 |
---------------+----------------------------------+-----
Fighting       | 4 5 6 8 9 10 | 10.0
Maces & Flails | 3 4 5 7 8 |  8.8
Armour         | 4 5 6 8 9 10 | 10.0
Shields        | 4 5 6 8 9 |  9.9

Action                     |  1- 3 |  4- 6 |  7- 9 | 10-12 || total
---------------------------+-------+-------+-------+-------++-------
  Melee: Flail             |   116 |   175 |   381 |   313 ||   985
  Throw: Dart              |       |     1 |     1 |    14 ||    16
 Invoke: Heroism           |       |       |       |     8 ||     8
    Use: Scroll            |     7 |       |    11 |     8 ||    26
 Armour: Scale mail        |     5 |       |   190 |   357 ||   552
         Chain mail        |    76 |   120 |   132 |       ||   328
  Dodge: Dodged            |    43 |    71 |   148 |   157 ||   419
  Block: Buckler           |    33 |    52 |   115 |       ||   200
         Kite shield       |       |       |     9 |   255 ||   264

Table legend: (Time is in decaauts)
 A = Elapsed time spent in this place.
 B = Non-inter-level travel time spent in this place.
 C = Inter-level travel time spent in this place.
 D = Time resting spent in this place.
 E = Time spent auto-exploring this place.
 F = Levels seen in this place.
 G = Mean time per level.
                   A        B        C        D        E       F      G
               +--------+--------+--------+--------+--------+-----+--------+
         Total |   8525 |   8063 |    462 |    465 |   4956 |  15 |  568.3 |
       Dungeon |   7579 |   7145 |    434 |    401 |   4648 |  10 |  757.9 |
        Temple |     30 |      2 |     28 |      0 |      0 |   1 |   30.0 |
          Lair |    164 |    164 |      0 |     39 |     47 |   1 |  164.0 |
  Orcish Mines |      1 |      1 |      0 |      0 |      0 |   1 |    1.0 |
         Sewer |    483 |    483 |      0 |      0 |    235 |   1 |  483.0 |
        Bailey |    265 |    265 |      0 |     25 |     24 |   1 |  265.0 |
               +--------+--------+--------+--------+--------+-----+--------+

Top non-repeatable levels by time:
     D:8: 1442 daAuts
     D:5: 936 daAuts
     D:4: 906 daAuts
     D:3: 775 daAuts
     D:9: 735 daAuts
     D:2: 708 daAuts
     D:6: 553 daAuts
     D:7: 546 daAuts
     D:1: 518 daAuts
   Sewer: 483 daAuts
    D:10: 456 daAuts
  Bailey: 265 daAuts
  Lair:1: 164 daAuts
  Temple: 30 daAuts
   Orc:1: 1 daAuts
